 Dungeon Crawl Stone Soup version 0.26.1-2-gb8aa6d0cf2 (webtiles) character file.

Game seed: 314403775086017955

1213 MalarOregon the Slasher (level 8, 0/72 HPs)
             Began as a Halfling Fighter on Mar 28, 2021.
             Was an Initiate of Hepliaklqana.
             Slain by Alarak's ghost (6 damage)
             ... on level 5 of the Dungeon.
             The game lasted 00:12:14 (6625 turns).

MalarOregon the Slasher (Halfling Fighter)          Turns: 6625, Time: 00:12:15

Health: 0/72       AC:  9    Str: 17    XL:     8   Next: 74%
Magic:  11/11      EV: 11    Int:  8    God:    Hepliaklqana [......]
Gold:   318        SH: 10    Dex: 14    Spells: 11/11 levels left

rFire    . . .     SeeInvis .   a - +0 long sword
rCold    . . .     Faith    .   c - +0 kite shield
rNeg     . . .     Spirit   .   b - +0 scale mail
rPois    +         Reflect  .   (no helmet)
rElec    .         Harm     .   (no cloak)
rCorr    .         Rampage  .   u - +1 pair of gloves
Will     .....                  (no boots)
Stlth    ..........             (no amulet)
HPRegen  0.22/turn              (no ring)
MPRegen  0.12/turn              x - ring of poison resistance

@: berserking, lethally poisoned (0 -> -10), very quick
A: small, reduced essence, mutation resistance 1
a: Renounce Religion, Recall Ancestor, Ancestor Identity


You were on level 5 of the Dungeon.
You worshipped Hepliaklqana.
Hepliaklqana was noncommittal.
You visited 2 branches of the dungeon, and saw 6 of its levels.

You collected 318 gold pieces.

Inventory:

Hand Weapons
 a - a +0 long sword (weapon)
Missiles
 f - 11 boomerangs
 p - 4 poisoned darts (quivered)
Armour
 b - a +0 scale mail (worn)
 c - a +0 kite shield (worn)
 u - a +1 pair of gloves (worn)
   (You found it on level 4 of the Dungeon)
Jewellery
 i - an uncursed ring of fire
   (You found it on level 5 of the Dungeon)
 x - a ring of poison resistance (right hand)
   (You found it on level 4 of the Dungeon)
Wands
 r - a wand of enslavement (9)
   (You found it on level 5 of the Dungeon)
 t - a wand of flame (11)
   (You found it on level 2 of the Dungeon)
Scrolls
 d - a scroll of identify {@r1}
 e - a scroll of fog {unknown}
 g - 7 scrolls of remove curse {@r2}
 h - 2 scrolls of teleportation {@r4}
 j - a scroll of amnesia
 k - a scroll of fear {unknown}
 n - a scroll of enchant armour
 y - a scroll of blinking {unknown}
Potions
 l - 2 potions of heal wounds {@q2}
 m - 2 potions of haste {unknown}
 q - a potion of curing {@q1}
 s - 2 potions of attraction {!q}
 v - a potion of brilliance {unknown}
 w - a potion of invisibility {unknown}
 z - a potion of magic {unknown}


   Skills:
 + Level 4.1 Fighting
 * Level 5.3 Long Blades
 + Level 5.0 Armour
 + Level 3.3 Dodging
 + Level 5.1 Shields
 + Level 2.4 Spellcasting
 + Level 2.4 Summonings


You had 11 spell levels left.
You didn't know any spells.
Your spell library was empty.

Dungeon Overview and Level Annotations

Branches:
Dungeon (5/15)             Temple (1/1) D:4

Altars:
Ashenzari
Cheibriados
Dithmenos
Elyvilon
Fedhas
Gozag
Hepliaklqana
Kikubaaqudgha
Makhleb
Nemelex Xobeh
Okawaru
Qazlal
Ru
Sif Muna
Trog
Uskayaw
Vehumet
Wu Jian
Xom
Yredelemnul
Zin
The Shining One

Annotations:
D:5 1 transporter, Alarak's ghost, novice GnWz


Innate Abilities, Weirdness & Mutations

You are small and have problems with some larger weapons.
You are somewhat resistant to further mutation.
Your life essence is reduced to manifest your ancestor. (-10% HP)


Message History

Alarak's ghost blinks!
The gnoll hits your gnoll sergeant from afar with a +2 spear of venom.
Your gnoll sergeant barely misses the gnoll.
The gnoll sergeant is no longer charmed.
The gnoll sergeant hits Ammiditana with the +9 trident "Nel Geta" {venom, rF+ Dex+2}!
The gnoll barely misses you. You block the gnoll sergeant's attack.
The gnoll sergeant blocks your attack. The gnoll hits you but does no damage.
Ammiditana hits the gnoll sergeant but does no damage.
The gnoll sergeant hits you with the +9 trident "Nel Geta" {venom, rF+ Dex+2}!
* * * LOW HITPOINT WARNING * * *
You are poisoned.
Alarak's ghost gestures wildly while chanting.
Alarak's ghost blinks!
Unknown command.
A red film seems to cover your vision as you go berserk!
You feel yourself moving faster!
You feel mighty!
You feel sick. You block the gnoll's attack.
The gnoll sergeant blocks Ammiditana's attack.
The gnoll sergeant hits you with the +9 trident "Nel Geta" {venom, rF+ Dex+2}!
* * * LOW HITPOINT WARNING * * *
The gnoll sergeant blocks your attack.
You feel sick. The gnoll barely misses you.
The gnoll sergeant blocks Ammiditana's attack.
The gnoll sergeant hits you with the +9 trident "Nel Geta" {venom, rF+ Dex+2}!
* * * LOW HITPOINT WARNING * * *
Unknown command.
You slash the gnoll sergeant!
You feel sick. You block the gnoll's attack.
Ammiditana hits the gnoll sergeant but does no damage.
You slash the gnoll sergeant! You block the gnoll sergeant's attack.
You slash the gnoll sergeant!
You kill the gnoll sergeant!
You feel sick. The gnoll hits you but does no damage.
You are lethally poisoned!
Alarak's ghost casts a spell.
Alarak's ghost blinks!
Your Armour skill increases to level 5!
* * * LOW HITPOINT WARNING * * *
You feel sick.
Ammiditana hits the gnoll.
The gnoll hits you but does no damage.
Things that are here:
a +0 spear; a cursed -3 spear; a gnoll corpse Unknown command.
You barely miss the gnoll.
* * * LOW HITPOINT WARNING * * *
You feel sick.
Ammiditana hits the gnoll.
You block the gnoll's attack.
You hit the gnoll.
You kill the gnoll!
* * * LOW HITPOINT WARNING * * *
You feel sick. Alarak's ghost hits you.
You die...

.# #............................#
.# #.≈≈≈≈≈≈≈≈≈≈≈...≈≈≈≈≈≈≈≈≈≈≈..#
.###.≈≈≈≈≈≈≈≈≈≈≈...≈≈≈≈≈≈≈≈≈≈≈.##
.'...≈≈#####...........#####≈≈.#
.###.≈≈#...#.###.©.###.#...#≈≈.#
.# #.≈≈#...###g#####.###...#≈≈.#
## #.≈≈###...............###≈≈.#
#.≈≈.8#.######)######.#8.≈≈.##
#.≈≈.##.#.⌠.#@R8# .##.≈≈...
#.≈≈.#..'....W©⌠# .g#.≈≈..#
#.≈≈.##.#.⌠.#..8# .##.≈≈..#
#.≈≈.8#.######'## #.#8.≈≈..#
#.≈≈###.......... .g###≈≈..#
#.≈≈#...###.#####©###..g#≈≈..#
#.≈≈#...#.###.©.###.#..W#≈≈..#
#.≈≈#####...........#####≈≈..#
#.≈≈≈≈≈≈≈≈≈≈≈≈≈≈≈≈≈≈≈≈≈≈≈≈≈...


You could see the friendly Ammiditana the ancestor and Alarak's ghost.

Vanquished Creatures
  Edmund (D:4)
  A gnoll sergeant (D:5)
  A phantom (D:4)
  An ogre (D:4)
  A centaur (D:5)
  A scorpion (D:4)
  A howler monkey (D:4)
  A bullfrog skeleton (D:5)
  3 orc priests
  A jelly (D:5)
  Natasha (thrice) (D:2)
  3 worker ants
  3 gnolls (D:5)
  9 adders
  2 shadow imps (D:5)
  An ufetubus (D:5)
  An ooze (D:2)
  An adder zombie (D:5)
  A worm (D:3)
  3 dart slugs
  4 leopard geckos
  6 orcs
  A ball python (D:3)
  8 bats
  5 giant cockroaches
  6 goblins
  7 hobgoblins
  7 jackals
  4 kobolds
  2 quokkas
  6 frilled lizards
  A jackal skeleton (D:5)
  A leopard gecko skeleton (D:4)
  9 rats
106 creatures vanquished.

Vanquished Creatures (collateral kills)
  A gnoll sergeant (D:5)
  A water moccasin skeleton (D:5)
  An orc wizard (D:5)
  A worker ant (D:5)
  3 gnolls (D:5)
  A white imp (D:5)
  2 orcs (D:5)
  A quokka (D:5)
11 creatures vanquished.

Vanquished Creatures (others)
  A gnoll (D:5)
  2 ancestors (D:5)
  12 fungi (D:4)
  6 plants (D:5)
21 creatures vanquished.

Grand Total: 138 creatures vanquished

Notes
Turn   | Place    | Note
-------+----------+-------------------------------------------
     0 | D:1      | MalarOregon the Halfling Fighter began the quest for the
                  | Orb.
     0 | D:1      | Reached XP level 1. HP: 15/15 MP: 1/1
   309 | D:1      | Reached XP level 2. HP: 20/20 MP: 2/2
   573 | D:1      | You fall into a shaft and drop 1 floor!
   598 | D:2      | Reached XP level 3. HP: 23/25 MP: 3/3
  1237 | D:2      | Found a bloodstained altar of Trog.
  1296 | D:2      | Reached XP level 4. HP: 29/30 MP: 4/4
  1404 | D:2      | Noticed Natasha
  1413 | D:2      | Killed Natasha
  1414 | D:2      | Reached skill level 1 in Dodging
  1781 | D:2      | Noticed Natasha
  1794 | D:2      | Killed Natasha
  1795 | D:2      | Reached skill level 1 in Spellcasting
  1795 | D:2      | Reached XP level 5. HP: 24/36 MP: 6/6
  1816 | D:2      | Noticed Natasha
  1837 | D:2      | Killed Natasha
  1838 | D:2      | Reached skill level 1 in Summonings
  2703 | D:3      | Noticed a +0 dagger
  2704 | D:3      | Noticed a +0 hand axe
  2712 | D:3      | Found a hide-covered altar of Uskayaw.
  2725 | D:3      | Reached XP level 6. HP: 36/42 MP: 7/7
  3561 | D:4      | Noticed a phantom
  3746 | D:4      | Killed a phantom
  3747 | D:4      | Reached XP level 7. HP: 32/46 MP: 7/9
  3927 | D:4      | Noticed Edmund
  3950 | D:4      | Killed Edmund
  4652 | D:4      | Found a staircase to the Ecumenical Temple.
  4737 | Temple   | Entered the Ecumenical Temple
  4945 | Temple   | Became a worshipper of Hepliaklqana the Forgotten
  5044 | D:5      | Entered Level 5 of the Dungeon
  5150 | D:5      | Reached XP level 8. HP: 48/48 MP: 10/10
  6242 | D:5      | Reached skill level 5 in Long Blades
  6334 | D:5      | Found a transporter.
  6337 | D:5      | Identified the +9 trident "Nel Geta" {venom, rF+ Dex+2}
  6337 | D:5      | Identified the +2 scale mail of the Shining Light {rC+
                  | Will+}
  6426 | D:5      | Noticed Alarak's ghost (novice GnWz)
  6444 | D:5      | Reached skill level 5 in Shields
  6529 | D:5      | Found a transporter.
  6623 | D:5      | Reached skill level 5 in Armour
  6625 | D:5      | Slain by Alarak's ghost

Illustrated notes

Levels and vault maps discovered:
D:1:      roderic_dead_forest, layout_basic
D:2:      layout_rooms, glass_columns_b, trog_three_pillars_becter, uniq_natasha
D:3:      layout_loops_corners, dancing_weapons_uskayaw, hex_medium,
          grunt_ministairs_5, minmay_goblin_outpost
D:4:      layout_rooms, minmay_temple_entry_proselytizer, serial_aquarium,
          aquarium_bridge_island_small [aquarium_subvault_small_water,
          aquarium_subvault_wall, aquarium_subvault_window,
          aquarium_subvault_window, aquarium_subvault_bridge],
          aquarium_bridge_straight [aquarium_subvault_bridge,
          aquarium_subvault_window, aquarium_subvault_bridge,
          aquarium_subvault_wall], aquarium_window_1, aquarium_window_fake,
          aquarium_view_2c, aquarium_balcony_3a, aquarium_pool_corner,
          hangedman_decor_growths, uniq_edmund
D:5:      layout_basic, gammafunk_ghost_gnarly_gnolls, lemuel_old_faithful
Temple:   minmay_crystal_snake_temple

Skill      XL: |  1  2  3  4  5  6  7  8 |
---------------+-------------------------+-----
Fighting       | 3 4 |  4.1
Long Blades    | 3 4 5 |  5.3
Dodging        | 1 2 3 |  3.3
Spellcasting   | 1 2 |  2.4
Summonings     | 1 2 |  2.4
Shields        | 4 5 |  5.1
Armour         | 4 5 |  5.0

Action                   |  1- 3 |  4- 6 |  7- 9 || total
-------------------------+-------+-------+-------++-------
Melee: Long sword        |    97 |   176 |   147 ||   420
Throw: Boomerang         |     3 |     8 |     4 ||    15
       Dart              |       |       |    10 ||    10
Invok: Ancestor Identity |       |       |     1 ||     1
Evoke: Wand              |       |       |     4 ||     4
  Use: Potion            |       |     2 |     4 ||     6
       Scroll            |       |       |     7 ||     7
 Stab: Distracted        |       |       |     1 ||     1
Armor: Scale mail        |    33 |    70 |    36 ||   139
Dodge: Dodged            |    47 |    81 |    64 ||   192
Block: Kite shield       |    57 |    92 |    89 ||   238
       Rpst.: Long sword |    18 |    28 |    16 ||    62
